AoeStats
← ska_18

Arabia

509623580Analyzed
3v3 RM · 3d ago on Sep 27, 2026· 45m 39s· 6 players
Game mode
Random Map
Map size
Normal (6 player)
Population
200
Speed
Normal
Resources
Standard
Victory
Conquest
Starting age
Dark Age
Ending age
Imperial Age
RankedLock teamsTeams togetherTeam positionsShared explorationLock speedFull tech treeHidden civsTurbo modeCheats
Victory
Defeat
🇳🇱 Maya · Netherlands
953
+15
🇳🇱 Ethiopians · Netherlands
874
+19
🇳🇱 Mongols · Netherlands
844
+20
🇦🇹 Saracens · Austria
949
-19
🇪🇸 Saxons · Spain
935
-18
🇲🇽 Koreans · Mexico
916
-17
Garivan
11:18 Feudal Age
14:37 Double-Bit Axe
15:52 Gold Mining
15:53 Stone Mining
15:46 Horse Collar
17:10 Wheelbarrow
21:32 Castle Age
24:33 Bow Saw
24:26 Heavy Plow
32:57 Gold Shaft Mining
32:59 Hand Cart
32:30 Town Watch
36:22 Imperial Age
34:55 Ballistics
34:30 Fletching
35:58 Stone Shaft Mining
35:29 Elite Skirmisher
38:02 Conscription
40:08 Chemistry
44:07 Bodkin Arrow
44:20 Husbandry
Spartanx
9:47 Feudal Age
10:51 Double-Bit Axe
16:05 Arson
15:41 Man-at-Arms
18:57 Castle Age
22:25 Elite Skirmisher
28:01 Scale Mail Armor
28:12 Forging
27:52 Fletching
28:03 Padded Archer Armor
30:19 Chain Mail Armor
30:40 Iron Casting
30:32 Bow Saw
30:58 Horse Collar
37:07 Heavy Plow
42:34 Imperial Age
40:21 Squires
40:07 Arson
41:45 Gold Mining
ska_18
Nakata
10:39 Feudal Age
17:52 Castle Age
16:11 Double-Bit Axe
17:40 Loom
18:33 Wheelbarrow
17:45 Horse Collar
18:14 Gold Mining
19:34 Bow Saw
21:04 Hand Cart
24:02 Gold Shaft Mining
23:18 Stone Mining
23:43 Fletching
23:54 Padded Archer Armor
25:27 Thumb Ring
24:44 Elite Skirmisher
24:49 Crossbowman
25:31 Bodkin Arrow
27:33 Ballistics
34:11 Stone Shaft Mining
37:18 Imperial Age
34:42 Town Watch
38:04 Elite Skirmisher
38:54 Bracer
39:10 Leather Archer Armor
39:06 Forging
38:57 Scale Mail Armor
40:11 Man-at-Arms
41:10 Capped Ram
41:49 Long Swordsman
42:08 Siege Ram
43:15 Sappers
44:07 Conscription
44:32 Iron Casting
44:13 Chain Mail Armor
45:19 Arbalester
46:06 Squires
Pinguïn Bram
6:10 Loom
14:49 Feudal Age
18:43 Town Watch
19:35 Wheelbarrow
23:30 Man-at-Arms
27:12 Castle Age
29:04 Long Swordsman
30:10 Thumb Ring
34:16 Forging
34:07 Padded Archer Armor
33:58 Fletching
34:28 Forging
34:19 Scale Mail Armor
34:24 Scale Barding Armor
34:20 Padded Archer Armor
40:09 Imperial Age
38:36 Bodkin Arrow
39:19 Squires
41:12 Capped Ram
45:15 Elite Mangudai
Boris Boef
0:29 Loom
12:17 Feudal Age
12:53 Double-Bit Axe
15:37 Fletching
17:53 Padded Archer Armor
18:07 Horse Collar
20:55 Forging
20:47 Scale Mail Armor
20:57 Forging
25:59 Castle Age
25:18 Wheelbarrow
25:51 Man-at-Arms
26:55 Chain Mail Armor
26:59 Bodkin Arrow
27:18 Squires
27:51 Long Swordsman
28:56 Arson
30:36 Iron Casting
30:03 Town Watch
38:19 Heavy Plow
38:32 Bow Saw
40:20 Hand Cart
40:14 Eagle Warrior
41:56 Gold Mining
42:39 Stone Mining
45:34 Town Patrol
Connection lost

Rejoining the realm…

Still unreachable

The connection could not be restored.

Session expired

The server has moved on; the page needs a fresh start.